Match 38851949
Unlisted

Match 38851949
End
Construct Infanterie Kompanie
Selects Mechanized Battlegroup
Grenadier Squad
Grenadier Squad
Grenadier Squad
MG 42 Machine Gun Team
Construct Luftwaffe Kompanie
Flak 30 Anti-aircraft Gun Team
Medical Station
Selects Mobile Repair Stations
Support Elements
Luftwaffe Officer Quarters
Selects Wespe Self-propelled Artillery
Wespe Self-propelled Artillery
Marder III M Tank Destroyer
Wespe Self-propelled Artillery
Wespe Self-propelled Artillery
qZeto
Epicdeath
BIOHAZARD
Gorgolo
AhmedMousa
SeMooS
KHALIFA-MHR
Zingo Elzengy
0
0

Comments sign in to comment!

No comments posted yet!